 Dungeon Crawl Stone Soup version 0.27-a0-972-gd1521fd518 (webtiles) character file.

Game seed: 10051921154857615349

8 Alarkh the Insei (level 2, 17/21 HPs)
             Began as a Demonspawn Transmuter on Apr 13, 2021.
             Got out of the dungeon alive.
             The game lasted 00:00:17 (367 turns).

Alarkh the Insei (Demonspawn Transmuter)             Turns: 367, Time: 00:00:17

Health: 17/21      AC:  2    Str: 10    XL:     2   Next: 0%
Magic:  5/5        EV: 12    Int: 14    God:
Gold:   7          SH:  0    Dex: 13    Spells: 4/5 levels left

rFire    . . .     SeeInvis .     - Unarmed
rCold    . . .     Faith    .   (no shield)
rNeg     . . .     Spirit   .   a - +0 robe
rPois    .         Reflect  .   (helmet restricted)
rElec    .         Harm     .   (no cloak)
rCorr    .         Rampage  .   (no gloves)
Will     .....                  (no boots)
Stlth    +.........             (no amulet)
HPRegen  0.07/turn              (no ring)
MPRegen  0.09/turn              (no ring)

@: no status effects
A: antennae 1
a: no special abilities


You escaped.
You visited 1 branch of the dungeon, and saw 1 of its levels.

You collected 7 gold pieces.

Inventory:

Armour
 a - a +0 robe (worn)
Potions
 b - a potion of degeneration {unknown}
 c - a potion of attraction {unknown}


   Skills:
 + Level 1.2 Fighting
 - Level 1.7 Dodging
 * Level 2.9 Unarmed Combat
 + Level 2.1 Spellcasting
 + Level 1.9 Transmutations


You had 4 spell levels left.
You knew the following spells:

 Your Spells              Type           Power      Damage    Failure   Level
a - Beastly Appendage     Tmut           14%        N/A       11%         1

Your spell library contained the following spells:

 Spells                   Type           Power      Damage    Failure   Level
 Wereblood                Tmut           7%         N/A       16%         2
 Spider Form              Tmut/Pois      2%         N/A       43%         3
 Ice Form                 Ice/Tmut       4%         N/A       83%         4
 Hydra Form               Tmut           3%         N/A       96%         5


Dungeon Overview and Level Annotations

Branches:
Dungeon (1/15)

Altars:


Innate Abilities, Weirdness & Mutations

You have a pair of small antennae on your head.


Message History

You are too injured to fight recklessly!
You are too injured to fight recklessly!
A goblin is nearby!
You closely miss the goblin. The goblin hits you with a +0 dagger.
* * * LOW HITPOINT WARNING * * *
You hit the goblin.
You kill the goblin!
Things that are here:
a +0 dagger; a goblin corpse; a bat corpse HP restored.
c - a coppery potion A kobold comes into view.
It is wielding a +0 short sword.
The kobold shouts!
The kobold throws a stone.
The stone closely misses you.
A kobold is nearby!
A kobold is nearby!
Casting: Beastly Appendage (safe; 11% risk of failure)
Confirm with . or Enter, or press ? or * to list all spells.
You grow a pair of large bovine horns.
Your feet morph into talons.
The kobold throws a stone.
The stone hits you.
Unknown command.
The kobold hits you with a +0 short sword.
You hit the kobold. Your kick misses the kobold.
The kobold is moderately wounded.
The kobold misses you.
You closely miss the kobold.
The kobold is moderately wounded.
The kobold closely misses you.
You closely miss the kobold. Your kick misses the kobold.
You headbutt the kobold.
You kill the kobold!
You have reached level 2!
Your demonic ancestry asserts itself...
The horns on your head shrink a bit. The horns on your head shrink away.
A pair of antennae grows on your head!
Unknown command.
Your talons disappear.
There is a staircase leading out of the dungeon here.
Are you sure you want to leave the Dungeon?
This will make you lose the game!
You have escaped!

..... .....
##### ### #....
##.## #.###
##.รท.###.#
##..#..##.#
######......[#.#
#@.............#
########+#####.#
#.(.....#
#########


There were no monsters in sight!

Vanquished Creatures
  A ball python (D:1)
  A goblin (D:1)
  3 bats (D:1)
  A frilled lizard (D:1)
  A kobold (D:1)
  3 rats (D:1)
10 creatures vanquished.

Notes
Turn   | Place    | Note
-------+----------+-------------------------------------------
     0 | D:1      | Alarkh the Demonspawn Transmuter began the quest for the
                  | Orb.
     0 | D:1      | Reached XP level 1. HP: 15/15 MP: 3/3
   305 | D:1      | Lost mutation: You have a pair of horns on your head.
                  | [demonic ancestry]
   305 | D:1      | Lost mutation: You have a pair of small horns on your head.
                  | [demonic ancestry]
   305 | D:1      | Gained mutation: You have a pair of small antennae on your
                  | head. [demonic ancestry]
   305 | D:1      | Reached XP level 2. HP: 12/21 MP: 3/5
   367 | D:$      | Got out of the dungeon alive.

Illustrated notes

Levels and vault maps discovered:
D:1:      amcnicky_arrival_feature_with_door, layout_basic, serial_bayou_pond_d,
          chequers_garden, minmay_misc_feat_encased, glass_columns_c

Action                   || total
-------------------------++-------
Melee: Unarmed           ||    28
       Kick              ||     2
       Headbutt          ||     2
 Cast: Beastly Appendage ||     7
Armor: Robe              ||    12
Dodge: Dodged            ||    23

Table legend: (Time is in decaauts)
 A = Elapsed time spent in this place.
 B = Non-inter-level travel time spent in this place.
 C = Inter-level travel time spent in this place.
 D = Time resting spent in this place.
 E = Time spent auto-exploring this place.
 F = Levels seen in this place.
 G = Mean time per level.
                   A        B        C        D        E       F      G
               +--------+--------+--------+--------+--------+-----+--------+
         Total |    365 |    304 |     61 |      0 |    245 |   1 |  365.0 |
       Dungeon |    365 |    304 |     61 |      0 |    245 |   1 |  365.0 |
               +--------+--------+--------+--------+--------+-----+--------+

Top non-repeatable levels by time:
     D:1: 365 daAuts
